 Dungeon Crawl Stone Soup version 0.22.1-6-g1668fe2 (webtiles) character file.

3133 Fang the Cleaver (level 9, -6/57 HPs)
             Began as a Gargoyle Berserker on Jan 30, 2019.
             Was a Priest of Trog.
             Mangled by an orc warrior
             ... wielding a +0 halberd
              (10 damage)
             ... in a bailey.
             The game lasted 00:09:44 (6883 turns).

Fang the Cleaver (Gargoyle Berserker)               Turns: 6883, Time: 00:09:45

Health: -6/57      AC: 23    Str: 24    XL:     9   Next: 92%
Magic:  9/9        EV: 10    Int:  8    God:    Trog [***...]
Gold:   547        SH:  0    Dex:  9    Spells: 8/8 levels left

rFire    + + .     SeeInvis .   p - +1 war axe
rCold    + . .     Gourm    .   (no shield)
rNeg     + . .     Faith    .   z - +0 chain mail
rPois    ∞         Spirit   .   b - +2 helmet
rElec    +         Reflect  .   (no cloak)
rCorr    +         Harm     .   a - +2 pair of gloves
MR       .....                  (no boots)
Stlth    ..........             i - amulet of regeneration
HPRegen  0.59/turn              d - ring of wizardry
MPRegen  0.11/turn              g - ring of protection from fire

@: resistant, berserk cooldown, slowed, very slow
A: negative energy resistance 1, electricity resistance, unbreathing,
petrification resistance, rot immunity, AC +6
a: Berserk, Trog's Hand, Renounce Religion


You were in a bailey.
You worshipped Trog.
Trog was most pleased with you.
You were very hungry.

You visited 2 branches of the dungeon, and saw 9 of its levels.
You also visited: Bailey.

You collected 547 gold pieces.

Inventory:

Hand Weapons
 p - a +1 war axe (weapon)
Armour
 a - a +2 pair of gloves (worn)
 b - a +2 helmet (worn)
 z - a +0 chain mail (worn)
Jewellery
 d - a ring of wizardry (left hand)
 g - a ring of protection from fire (right hand)
 i - an amulet of regeneration (around neck)
Wands
 j - a wand of random effects (28)
 m - a wand of flame (37)
Scrolls
 e - 6 scrolls of remove curse
 f - 2 scrolls of fog
 k - 5 scrolls of teleportation
 o - a scroll of identify
Potions
 h - 3 potions of mutation {unknown}
 l - 2 potions of flight {unknown}
 n - 3 potions of magic
 q - a potion of might
 t - a potion of lignification
Comestibles
 c - 13 rations
 r - 14 chunks of flesh


   Skills:
 + Level 7.3 Fighting
 + Level 8.9 Axes
 + Level 6.7 Armour
 + Level 4.3 Dodging
 + Level 2.2 Stealth


You had 8 spell levels left.
You didn't know any spells.
Your spell library was empty.

Dungeon Overview and Level Annotations

Branches:
Dungeon (8/15)             Temple (1/1) D:6
   Lair: D:8-11

Altars:
Ashenzari
Cheibriados
Dithmenos
Fedhas
Gozag
Kikubaaqudgha
Nemelex Xobeh
Ru
Trog
Uskayaw
Wu Jian
Xom
Yredelemnul
Zin
The Shining One


Innate Abilities, Weirdness & Mutations

You are resistant to torment.
Your stone body is resilient. (AC +6)
You are immune to poison.
You resist negative energy. (rN+)
You are resistant to electric shocks. (rElec)
You can survive without breathing.
You are immune to petrification.
You are immune to rotting.


Message History

The orc barely misses you. The orc closely misses you.
Okay, then.
The orc closely misses you. The orc hits you but does no damage.
The orc warrior hits you from afar with a halberd!
* * * LOW HITPOINT WARNING * * *
The orc completely misses you. The orc closely misses you.
The orc hits you but does no damage. The orc hits you but does no damage.
The orc misses you.
There is an open door here.
The orc closely misses you.
You close the door.
An orc opens the door.
The orc hits you from afar with a spear.
* * * LOW HITPOINT WARNING * * *
The orc warrior closely misses you.
You feel protected. The orc hits you but does no damage. x2
The orc warrior hits you but does no damage.
You close the door.
An orc opens the door.
The orc closely misses you.
The orc warrior hits you from afar with a halberd!
You die...

############ #######
#.∩....)...## ##.....##
.......))...######.).....#
......)))...#....#oo.....+
∩.....)))...'...@'oo.....+
......).)...#....#oo.....+
............######.......#
#.∩........## ##.....##
############ #######


You could see an orc warrior and 5 orcs.

Vanquished Creatures
  The ghost of emlat the Slasher, a novice MiMo of Qazlal (D:6)
  Grinder (D:3)
  A hippogriff (D:7)
  An orc warrior (Bailey)
  2 phantoms (D:7)
  3 centaurs (D:5)
  2 ogres
  2 crocodiles (D:7)
  2 bullfrogs (D:6)
  A wyvern zombie (D:6)
  A wyvern skeleton (D:6)
  2 scorpions
  4 wights (D:6)
  A howler monkey (D:4)
  3 crimson imps
  A bullfrog zombie (D:5)
  A jelly (D:7)
  A bullfrog skeleton (D:7)
  2 centaur skeletons
  4 iguanas
  3 orc wizards
  6 worker ants
  2 gnolls (D:8)
  8 adders
  An adder skeleton (D:5)
  An adder zombie (D:5)
  2 worms (D:2)
  3 dart slugs (D:1)
  8 leopard geckos
  32 orcs
  6 giant cockroaches
  7 goblins
  5 hobgoblins
  6 jackals
  8 kobolds
  3 quokkas
  2 ball pythons
  5 bats
  2 frilled lizards (D:2)
  A leopard gecko skeleton (D:4)
  A leopard gecko zombie (D:5)
  10 rats
158 creatures vanquished.

Notes
Turn   | Place    | Note
-------+----------+-------------------------------------------
     0 | D:1      | Fang the Gargoyle Berserker began the quest for the Orb.
     0 | D:1      | Reached XP level 1. HP: 14/14 MP: 1/1
   105 | D:1      | Reached skill level 3 in Axes
   105 | D:1      | Reached XP level 2. HP: 19/19 MP: 2/2
   610 | D:1      | Reached XP level 3. HP: 24/24 MP: 3/3
   824 | D:1      | Reached ** piety under Trog
  1064 | D:2      | Reached XP level 4. HP: 29/29 MP: 4/4
  1858 | D:3      | Reached XP level 5. HP: 33/33 MP: 5/5
  1890 | D:3      | Reached skill level 4 in Axes
  2001 | D:3      | Found an ancient bone altar of Kikubaaqudgha.
  2168 | D:3      | Noticed Grinder
  2198 | D:3      | Killed Grinder
  2198 | D:3      | Reached skill level 5 in Axes
  2198 | D:3      | Reached XP level 6. HP: 39/39 MP: 6/6
  2809 | D:4      | Reached *** piety under Trog
  2975 | D:4      | Reached skill level 1 in Stealth
  2975 | D:4      | Reached XP level 7. HP: 44/44 MP: 7/7
  2998 | D:4      | Reached skill level 5 in Fighting
  3455 | D:5      | Entered Level 5 of the Dungeon
  3475 | D:5      | Found a shadowy altar of Dithmenos.
  3659 | D:5      | Reached skill level 6 in Axes
  3822 | D:5      | Reached XP level 8. HP: 49/49 MP: 8/8
  4386 | D:6      | Found a sacrificial altar of Ru.
  4437 | D:6      | Reached skill level 7 in Axes
  4465 | D:6      | Found a runed gate.
  4465 | D:6      | Found a runed gate.
  4478 | D:6      | Found a runed gate.
  4485 | D:6      | Noticed emlat's ghost (novice MiMo)
  4507 | D:6      | Noticed a hand axe
  4508 | D:6      | Found a hide-covered altar of Uskayaw.
  4509 | D:6      | Noticed a dagger
  4540 | D:6      | Reached skill level 5 in Armour
  4557 | D:6      | Found a staircase to the Ecumenical Temple.
  5029 | D:6      | Found a blossoming altar of Fedhas.
  5032 | D:6      | Found a glowing silver altar of Zin.
  5163 | D:6      | Reached XP level 9. HP: 51/55 MP: 9/9
  5293 | D:6      | Killed emlat's ghost
  5293 | D:6      | Reached skill level 8 in Axes
  5388 | Temple   | Entered the Ecumenical Temple
  5654 | D:7      | Found an ornate altar of the Wu Jian Council.
  6743 | D:8      | Found a flagged portal.
  6752 | Bailey   | Entered a bailey
  6878 | Bailey   | HP: 1/57 [orc warrior/halberd (13)]
  6883 | Bailey   | Mangled by an orc warrior

Skill      XL: |  1  2  3  4  5  6  7  8  9 |
---------------+----------------------------+-----
Axes           | 3 5 6 7 8 |  8.9
Dodging        | 2 3 4 |  4.3
Fighting       | 4 5 6 7 |  7.3
Armour         | 3 4 5 6 |  6.7
Stealth        | 1 2 |  2.2

Action                   |  1- 3 |  4- 6 |  7- 9 || total
-------------------------+-------+-------+-------++-------
Melee: Hand axe          |    91 |   215 |   454 ||   760
       War axe           |       |       |    81 ||    81
Invok: Berserk           |     1 |     2 |     4 ||     7
  Use: Scroll            |       |       |    17 ||    17
       Potion            |       |       |     2 ||     2
 Stab: Paralysed         |       |       |     2 ||     2
  Eat: Chunk             |       |     9 |    13 ||    22
       Ration            |       |       |     1 ||     1
Armor: Animal skin       |    40 |    30 |       ||    70
       Scale mail        |       |    67 |   122 ||   189
       Chain mail        |       |       |   290 ||   290
Dodge: Dodged            |    90 |   102 |   343 ||   535
